[ AOE2 MATCH · #507162593 ]
UnrankedIncas vs Portuguese
Player's team · WIN
[ REPLAY ANALYSIS · EXTRACTED FROM THE RECORDED GAME ]
Feudal
10:12
Castle
25:01
Imperial
—
| APM avg | 40.1 |
| APM peak | 64 |
| eAPM avg | 24.2 |
| Villagers / military | 129 / 21 |
Focus
⚔️ 30.5% · 🌾 69.5%
Spearman ×13 · Unknown (2550) ×8 · Mangonel ×5 · Monk ×2 · Scorpion ×1
Feudal
9:10
Castle
24:09
Imperial
—
| APM avg | 64.1 |
| APM peak | 109 |
| eAPM avg | 33.7 |
| Villagers / military | 64 / 34 |
Focus
⚔️ 37.0% · 🌾 63.0%
Organ Gun ×23 · Knight ×6 · Scout Cavalry ×5
Match map
Initial resources + every placement click. Lines = walls · curves = elevation contours. ◆ gold · ⬟ stone · ● berries · ✦ relic · ◌ wall gap
Your base· Open — unwalled flank
NoToxic_MK's base· Open — 6t gap
Smoothed initial terrain · ◌ = detected wall gap · hover for details
Inputs per minute
— Mati - - NoToxic_MK
Build order — Mati
First 150 of 267 actions detected
| 0:01 | Queue | Villager (Male) |
| 0:01 | Queue | Villager (Male) |
| 0:01 | Queue | Villager (Male) |
| 0:02 | Build | House |
| 0:04 | Build | House |
| 0:20 | Queue | Villager (Male) |
| 1:29 | Queue | Villager (Male) |
| 2:04 | Build | Settlement |
| 2:05 | Queue | Villager (Male) |
| 2:05 | Queue | Villager (Male) |
| 2:22 | Queue | Villager (Male) |
| 2:44 | Queue | Villager (Male) |
| 3:00 | Queue | Villager (Male) |
| 3:22 | Queue | Villager (Male) |
| 3:56 | Queue | Villager (Male) |
| 4:32 | Queue | Villager (Male) |
| 4:40 | Queue | Villager (Male) |
| 4:42 | Queue | Villager (Male) |
| 5:06 | Build | Barracks |
| 5:36 | Research | Loom |
| 5:59 | Queue | Villager (Male) |
| 6:05 | Queue | Unit 2550 ×2 |
| 6:19 | Queue | Villager (Male) |
| 6:20 | Queue | Villager (Male) |
| 6:32 | Build | Settlement |
| 6:34 | Queue | Villager (Male) |
| 6:56 | Queue | Villager (Male) |
| 7:26 | Queue | Villager (Male) |
| 8:02 | Research | Feudal Age |
| 8:17 | Queue | Unit 2550 |
| 8:19 | Build | Settlement |
| 8:52 | Queue | Villager (Male) |
| 9:37 | Queue | Villager (Male) |
| 9:48 | Queue | Unit 2550 |
| 9:52 | Build | Outpost |
| 10:12 | Age | Feudal Age |
| 10:27 | Build | Watch Tower |
| 10:30 | Queue | Villager (Male) |
| 10:30 | Queue | Spearman |
| 10:31 | Queue | Spearman |
| 11:03 | Research | Tech 1402 |
| 11:06 | Queue | Spearman |
| 11:20 | Build | Palisade Wall |
| 11:22 | Build | Palisade Wall |
| 11:23 | Build | Palisade Wall |
| 11:35 | Build | Watch Tower |
| 11:37 | Queue | Spearman |
| 11:46 | Queue | Villager (Male) |
| 12:27 | Build | Settlement |
| 12:33 | Queue | Spearman |
| 12:54 | Queue | Villager (Male) |
| 13:02 | Queue | Villager (Male) |
| 13:27 | Build | Farm |
| 13:27 | Build | Farm |
| 13:28 | Build | Farm |
| 13:36 | Build | Farm |
| 13:37 | Queue | Villager (Male) |
| 13:37 | Queue | Villager (Male) |
| 13:53 | Build | Farm |
| 14:06 | Build | Farm |
| 14:12 | Queue | Villager (Male) |
| 14:24 | Queue | Spearman |
| 14:33 | Queue | Spearman |
| 14:50 | Queue | Spearman |
| 14:54 | Queue | Villager (Male) |
| 14:58 | Build | Farm |
| 15:02 | Build | Farm |
| 15:02 | Queue | Villager (Male) |
| 15:26 | Build | Watch Tower |
| 15:30 | Queue | Villager (Male) |
| 15:48 | Queue | Villager (Male) |
| 15:49 | Queue | Spearman |
| 15:52 | Queue | Villager (Male) |
| 15:59 | Build | Farm |
| 16:06 | Queue | Spearman |
| 16:17 | Queue | Villager (Male) |
| 16:32 | Build | Watch Tower |
| 16:36 | Queue | Villager (Male) |
| 16:36 | Queue | Villager (Male) |
| 17:07 | Queue | Villager (Male) |
| 17:09 | Build | Blacksmith |
| 17:34 | Queue | Villager (Male) |
| 17:53 | Queue | Villager (Male) |
| 17:53 | Queue | Villager (Male) |
| 17:54 | Build | Farm |
| 17:57 | Research | Scale Mail Armor |
| 18:13 | Build | Palisade Wall |
| 18:16 | Build | Palisade Wall |
| 18:18 | Build | Palisade Wall |
| 18:25 | Build | Watch Tower |
| 18:30 | Build | Palisade Wall |
| 18:32 | Build | Palisade Wall |
| 18:33 | Build | Palisade Wall |
| 18:37 | Queue | Villager (Male) |
| 18:38 | Queue | Villager (Male) |
| 18:39 | Build | Farm |
| 18:41 | Queue | Unit 2550 ×2 |
| 18:42 | Queue | Unit 2550 ×2 |
| 19:19 | Queue | Villager (Male) |
| 19:20 | Queue | Villager (Male) |
| 19:23 | Build | Farm |
| 19:23 | Build | Farm |
| 19:24 | Build | Farm |
| 19:24 | Build | Farm |
| 19:44 | Build | Watch Tower |
| 19:48 | Research | Fletching |
| 19:49 | Queue | Villager (Male) |
| 19:49 | Queue | Villager (Male) |
| 19:54 | Build | Farm |
| 19:54 | Build | Farm |
| 19:54 | Build | Farm |
| 19:54 | Build | Farm |
| 20:12 | Build | Farm |
| 20:33 | Build | Stone Wall |
| 20:40 | Build | Stone Wall |
| 20:41 | Build | Stone Wall |
| 20:59 | Research | Wheelbarrow |
| 20:59 | Research | Wheelbarrow |
| 21:01 | Build | Market |
| 21:25 | Queue | Villager (Male) |
| 21:30 | Build | Farm |
| 22:03 | Queue | Villager (Male) |
| 22:21 | Research | Castle Age |
| 22:21 | Research | Castle Age |
| 22:25 | Build | Watch Tower |
| 22:37 | Research | Double-Bit Axe |
| 22:55 | Research | Forging |
| 23:07 | Queue | Spearman |
| 23:08 | Queue | Spearman |
| 23:20 | Queue | Villager (Male) |
| 23:55 | Queue | Villager (Male) |
| 23:56 | Queue | Villager (Male) |
| 24:01 | Build | Settlement |
| 24:43 | Build | Watch Tower |
| 24:45 | Queue | Villager (Male) |
| 24:46 | Queue | Villager (Male) |
| 24:48 | Queue | Spearman |
| 25:01 | Age | Castle Age |
| 25:13 | Queue | Villager (Male) |
| 25:13 | Queue | Villager (Male) |
| 25:21 | Research | Bodkin Arrow |
| 25:40 | Build | Siege Workshop |
| 25:50 | Research | Bow Saw |
| 25:51 | Research | Horse Collar |
| 25:53 | Queue | Villager (Male) |
| 25:58 | Research | Tech 1351 |
| 25:58 | Research | Squires |
| 26:24 | Queue | Mangonel |
| 26:41 | Queue | Villager (Male) |
| 27:06 | Queue | Villager (Male) |
Build order — NoToxic_MK
First 150 of 208 actions detected
| 0:00 | Queue | Villager (Male) |
| 0:00 | Queue | Villager (Male) |
| 0:01 | Queue | Villager (Male) |
| 0:03 | Build | House |
| 0:04 | Build | House |
| 0:06 | Queue | Villager (Male) |
| 1:33 | Queue | Villager (Male) |
| 1:33 | Queue | Villager (Male) |
| 1:53 | Build | Lumber Camp |
| 1:57 | Queue | Villager (Male) |
| 2:14 | Queue | Villager (Male) |
| 2:14 | Queue | Villager (Male) |
| 2:50 | Queue | Villager (Male) |
| 2:50 | Queue | Villager (Male) |
| 3:06 | Queue | Villager (Male) |
| 3:06 | Queue | Villager (Male) |
| 3:35 | Queue | Villager (Male) |
| 3:35 | Queue | Villager (Male) |
| 3:51 | Build | House |
| 4:05 | Queue | Villager (Male) |
| 4:06 | Queue | Villager (Male) |
| 4:22 | Build | Mill |
| 4:49 | Queue | Villager (Male) |
| 5:07 | Queue | Villager (Male) |
| 5:07 | Queue | Villager (Male) |
| 5:38 | Queue | Villager (Male) |
| 5:47 | Queue | Villager (Male) |
| 5:47 | Research | Loom |
| 6:54 | Research | Feudal Age |
| 6:54 | Research | Feudal Age |
| 7:09 | Build | Lumber Camp |
| 7:33 | Build | House |
| 7:57 | Build | Palisade Wall |
| 7:58 | Build | Palisade Wall |
| 7:58 | Build | Palisade Wall |
| 7:59 | Build | Palisade Wall |
| 8:02 | Build | Palisade Wall |
| 8:03 | Build | Palisade Wall |
| 8:03 | Build | Palisade Wall |
| 8:04 | Build | Palisade Wall |
| 8:15 | Build | Barracks |
| 8:22 | Build | Palisade Wall |
| 8:23 | Build | Palisade Wall |
| 8:23 | Build | Palisade Wall |
| 8:26 | Build | Palisade Wall |
| 8:27 | Build | Palisade Wall |
| 8:27 | Build | Palisade Wall |
| 9:05 | Build | Palisade Wall |
| 9:05 | Build | Palisade Wall |
| 9:05 | Build | Palisade Wall |
| 9:10 | Age | Feudal Age |
| 9:13 | Build | Stable |
| 9:24 | Research | Double-Bit Axe |
| 9:25 | Queue | Villager (Male) |
| 9:26 | Queue | Villager (Male) |
| 9:37 | Queue | Villager (Male) |
| 9:51 | Build | House |
| 9:53 | Build | House |
| 9:56 | Research | Horse Collar |
| 9:56 | Research | Horse Collar |
| 10:04 | Build | Palisade Wall |
| 10:05 | Build | Palisade Wall |
| 10:05 | Build | Palisade Wall |
| 10:06 | Build | Palisade Wall |
| 10:06 | Build | Palisade Wall |
| 10:25 | Queue | Scout Cavalry |
| 10:25 | Queue | Scout Cavalry |
| 10:27 | Queue | Villager (Male) |
| 10:32 | Build | Palisade Gate |
| 10:52 | Queue | Scout Cavalry |
| 10:54 | Build | Farm |
| 11:22 | Queue | Scout Cavalry |
| 11:33 | Build | Farm |
| 11:34 | Build | Farm |
| 11:35 | Build | Farm |
| 11:38 | Build | Lumber Camp |
| 12:04 | Queue | Scout Cavalry |
| 12:08 | Build | Lumber Camp |
| 12:17 | Queue | Villager (Male) |
| 12:17 | Queue | Villager (Male) |
| 12:20 | Build | Farm |
| 12:21 | Build | Farm |
| 12:31 | Build | Watch Tower |
| 13:25 | Queue | Villager (Male) |
| 13:25 | Queue | Villager (Male) |
| 13:25 | Queue | Villager (Male) |
| 13:26 | Queue | Villager (Male) |
| 13:27 | Build | Farm |
| 13:28 | Build | Farm |
| 13:35 | Build | Palisade Wall |
| 13:43 | Queue | Villager (Male) |
| 13:46 | Build | Farm |
| 13:54 | Build | Palisade Wall |
| 13:54 | Queue | Villager (Male) |
| 13:59 | Queue | Villager (Male) |
| 14:10 | Queue | Villager (Male) |
| 14:13 | Build | Farm |
| 14:36 | Build | House |
| 14:39 | Queue | Villager (Male) |
| 14:44 | Build | Farm |
| 14:47 | Build | Farm |
| 14:48 | Build | Farm |
| 14:57 | Build | House |
| 15:06 | Queue | Villager (Male) |
| 15:08 | Build | Farm |
| 15:15 | Build | Palisade Wall |
| 15:24 | Build | Palisade Wall |
| 15:32 | Queue | Villager (Male) |
| 15:54 | Queue | Villager (Male) |
| 16:11 | Build | Mining Camp |
| 16:15 | Build | Mining Camp |
| 16:18 | Queue | Villager (Male) |
| 16:34 | Queue | Villager (Male) |
| 16:53 | Build | House |
| 17:07 | Build | House |
| 17:11 | Build | Gate |
| 17:14 | Build | Stone Wall |
| 17:26 | Queue | Villager (Male) |
| 17:36 | Build | Stone Wall |
| 17:46 | Build | House |
| 17:57 | Build | House |
| 18:26 | Queue | Villager (Male) |
| 18:26 | Queue | Villager (Male) |
| 18:26 | Queue | Villager (Male) |
| 19:21 | Queue | Villager (Male) |
| 20:00 | Build | Market |
| 20:17 | Build | Farm |
| 20:29 | Build | House |
| 20:31 | Build | House |
| 20:57 | Build | House |
| 21:23 | Build | House |
| 21:29 | Research | Castle Age |
| 21:30 | Research | Castle Age |
| 21:36 | Build | Palisade Wall |
| 21:36 | Build | Palisade Wall |
| 21:44 | Build | Mining Camp |
| 21:48 | Build | Stone Wall |
| 21:58 | Build | House |
| 22:04 | Build | Palisade Wall |
| 22:08 | Queue | Villager (Male) |
| 22:08 | Queue | Villager (Male) |
| 23:19 | Build | Palisade Wall |
| 23:24 | Build | Farm |
| 23:57 | Build | Palisade Wall |
| 24:09 | Age | Castle Age |
| 24:27 | Build | House |
| 24:29 | Build | Palisade Wall |
| 24:38 | Queue | Villager (Male) |
| 24:38 | Queue | Villager (Male) |
| 24:48 | Queue | Villager (Male) |
Match timeline
| 5:06 | Mati · first_building Barracks |
| 7:57 | NoToxic_MK · wall_segment Palisade Wall x1 |
| 7:58 | NoToxic_MK · wall_segment Palisade Wall x1 |
| 7:58 | NoToxic_MK · wall_segment Palisade Wall x1 |
| 7:59 | NoToxic_MK · wall_segment Palisade Wall x1 |
| 8:02 | NoToxic_MK · wall_segment Palisade Wall x1 |
| 8:03 | NoToxic_MK · wall_segment Palisade Wall x1 |
| 8:03 | NoToxic_MK · wall_segment Palisade Wall x1 |
| 8:04 | NoToxic_MK · wall_segment Palisade Wall x1 |
| 8:15 | NoToxic_MK · first_building Barracks |
| 8:22 | NoToxic_MK · wall_segment Palisade Wall x1 |
| 8:23 | NoToxic_MK · wall_segment Palisade Wall x1 |
| 8:23 | NoToxic_MK · wall_segment Palisade Wall x1 |
| 8:26 | NoToxic_MK · wall_segment Palisade Wall x1 |
| 8:27 | NoToxic_MK · wall_segment Palisade Wall x1 |
| 8:27 | NoToxic_MK · wall_segment Palisade Wall x1 |
| 9:05 | NoToxic_MK · wall_segment Palisade Wall x1 |
| 9:05 | NoToxic_MK · wall_segment Palisade Wall x1 |
| 9:05 | NoToxic_MK · wall_segment Palisade Wall x1 |
| 9:10 | NoToxic_MK · age_up feudal |
| 9:13 | NoToxic_MK · first_building Stable |
| 10:04 | NoToxic_MK · wall_segment Palisade Wall x1 |
| 10:05 | NoToxic_MK · wall_segment Palisade Wall x1 |
| 10:05 | NoToxic_MK · wall_segment Palisade Wall x1 |
| 10:06 | NoToxic_MK · wall_segment Palisade Wall x1 |
| 10:06 | NoToxic_MK · wall_segment Palisade Wall x1 |
| 10:12 | Mati · age_up feudal |
| 11:20 | Mati · wall_segment Palisade Wall x3 |
| 11:22 | Mati · wall_segment Palisade Wall x3 |
| 11:23 | Mati · wall_segment Palisade Wall x1 |
| 13:35 | NoToxic_MK · wall_segment Palisade Wall x10 |
| 13:54 | NoToxic_MK · wall_segment Palisade Wall x15 |
| 15:15 | NoToxic_MK · wall_segment Palisade Wall x1 |
| 15:24 | NoToxic_MK · wall_segment Palisade Wall x7 |
| 17:14 | NoToxic_MK · wall_segment Stone Wall x1 |
| 17:36 | NoToxic_MK · wall_segment Stone Wall x1 |
| 18:13 | Mati · wall_segment Palisade Wall x1 |
| 18:16 | Mati · wall_segment Palisade Wall x1 |
| 18:18 | Mati · wall_segment Palisade Wall x1 |
| 18:30 | Mati · wall_segment Palisade Wall x1 |
| 18:32 | Mati · wall_segment Palisade Wall x1 |
| 18:33 | Mati · wall_segment Palisade Wall x1 |
| 20:33 | Mati · wall_segment Stone Wall x1 |
| 20:40 | Mati · wall_segment Stone Wall x3 |
| 20:41 | Mati · wall_segment Stone Wall x1 |
| 21:06 | NoToxic_MK · first_market_sell 100 wood |
| 21:36 | NoToxic_MK · wall_segment Palisade Wall x1 |
| 21:36 | NoToxic_MK · wall_segment Palisade Wall x3 |
| 21:48 | NoToxic_MK · wall_segment Stone Wall x9 |
| 22:04 | NoToxic_MK · wall_segment Palisade Wall x4 |
| 22:14 | Mati · first_market_sell 100 wood |
| 22:16 | Mati · first_market_buy 100 food |
| 23:19 | NoToxic_MK · wall_segment Palisade Wall x3 |
| 23:57 | NoToxic_MK · wall_segment Palisade Wall x3 |
| 24:09 | NoToxic_MK · age_up castle |
| 24:29 | NoToxic_MK · wall_segment Palisade Wall x1 |
| 25:01 | Mati · age_up castle |
| 25:08 | NoToxic_MK · first_building Castle |
| 25:40 | Mati · first_building Siege Workshop |
| 26:35 | NoToxic_MK · wall_segment Stone Wall x1 |
| 30:38 | Mati · first_building Monastery |
| 32:39 | Mati · first_building Castle |
| 35:24 | NoToxic_MK · resign |
[ AI ANALYSIS · 1 CREDIT ]
What really happened in this match?
Wolo.gg analyzes every decision: build order, eco, micro, common mistakes by bracket. Personalized analysis on WhatsApp or Discord in 30 seconds.
Civ guide
Incas
Perfil
Jugador #270855